 Dungeon Sprint DCSS version 0.22-a0-388-g09e6169 (webtiles) character file.

1275 sexinstructor the Blocker (level 8, 0/71 (72) HPs)
             Began as a Formicid Fighter on Apr 29, 2018.
             Was an Initiate of Qazlal.
             Slain by Snorg (5 damage)
             ... in the Dungeon (Sprint III: "The Ten Rune Challenge").
             The game lasted 00:06:17 (1566 turns).

sexinstructor the Blocker (Formicid Fighter)        Turns: 1566, Time: 00:06:19

HP:   0/71 (72)     AC:  7    Str: 23    XL:     8   Next: 83%
MP:   8/8           EV: 11    Int:  8    God:    Qazlal [......]
Gold: 30            SH: 13    Dex: 10    Spells: 7/7 levels left

rFire    . . .     SeeInvis +   a - +0 war axe
rCold    . . .     Gourm    .   c - +0 shield
rNeg     . . .     Faith    .   b - +0 scale mail
rPois    .         Spirit   .   (helmet unavailable)
rElec    .         Reflect  .   (no cloak)
rCorr    .         Harm     .   (no gloves)
MR       .....                  (no boots)
Stlth    ..........             (no amulet)
HPRegen  0.21/turn              (no ring)
MPRegen  0.11/turn              (no ring)

@: no status effects
A: permanent stasis, dig shafts and tunnels, four strong arms, antennae 3
a: Dig, Renounce Religion


You were in the Dungeon.
You worshipped Qazlal.
Qazlal was noncommittal.
You were not hungry.

You visited 1 branch You collected 30 gold pieces.

Inventory:

Hand Weapons
 a - a +0 war axe (weapon)
Armour
 b - a +0 scale mail (worn)
 c - a +0 shield (worn)
Wands
 d - a wand of iceblast (10)
Scrolls
 k - a scroll of blinking
 m - a scroll of holy word {unknown}
 n - 2 scrolls of identify {unknown}
 o - 4 scrolls of remove curse
 q - a scroll of torment {unknown}
Potions
 e - a potion of curing
 h - a potion of haste
 i - 2 potions of magic
 j - 2 potions of berserk rage
 l - 2 potions of mutation {unknown}
 p - a potion of resistance {unknown}
 s - a potion of flight {unknown}
Comestibles
 f - 3 rations


   Skills:
 + Level 10.2 Fighting
 + Level 11.8 Axes
 - Level 3.8 Armour
 + Level 3.3 Dodging
 + Level 1.1 Stealth
 + Level 12.3 Shields


You had 7 spell levels left.
You didn't know any spells.

Dungeon Overview and Level Annotations

Branches:
Dungeon (1/1)

Altars:
Cheibriados
Dithmenos
Elyvilon
Fedhas
Gozag
Hepliaklqana
Kikubaaqudgha
Makhleb
Nemelex Xobeh
Okawaru
Qazlal
Ru
Sif Muna
Trog
Uskayaw
Vehumet
Wu Jian
Xom
Yredelemnul
Zin
The Shining One
Beogh
Jiyva
Lugonu

Annotations:
D Snorg


Innate Abilities, Weirdness & Mutations

You cannot be hasted, slowed, berserked, paralysed or teleported.
You can dig through walls and to a lower floor.
Your four strong arms can wield two-handed weapons with a shield.
You have a pair of large antennae on your head. (SInv)


Message History

You barely miss Snorg. Snorg bites you! Snorg claws you. Snorg claws you!
You closely miss Snorg. You block Snorg's attack. Snorg claws you.
You block Snorg's attack.
You slice Snorg!!
Snorg is moderately wounded.
Snorg bites you! Snorg claws you but does no damage. Snorg barely misses you.
You barely miss Snorg.
Snorg is lightly wounded.
Okay, then.
You slice Snorg!!
Snorg is moderately wounded.
Snorg goes berserk!
You slash Snorg!
Snorg is heavily wounded.
You block Snorg's attack. Snorg claws you!
* * * LOW HITPOINT WARNING * * *
Snorg claws you but does no damage. Snorg misses you. Snorg claws you!
* * * LOW HITPOINT WARNING * * *
Snorg claws you.
You die... ##..#___#___#__# .#..#)..#__.#._# {{{{{{ .#..###'#'###)## {{{{{{ '#..#..........# {{{{{{

#...).⌠........#
#...#...######'#
....#.⌠.#__#...#+#####
....#...#__#...#§T§§§+
....#'###__#...#@#≈§§#
....#..:#__#...§.#§§§#
....#___#__'...#.#§§§#
{
▓▓▓▓▓▓▓▓▓▓▓▓▓▓▓▓▓▓▓▓▓▓
{ { { {{ { {{


You could see Snorg (berserk).

Vanquished Creatures
  A deep elf mage (D)
  A shadow (D)
  A spatial vortex (D)
  A necrophage (D)
  A water elemental (D)
  A scorpion (D)
  A jelly (D)
  A wizard (D)
  Jessica (D)
  A necromancer (D)
  A kobold demonologist (D)
  3 humans (D)
  2 oozes (D)
  A rat (D)
17 creatures vanquished.

Vanquished Creatures (others)
  2 draconian scorchers (D)
  A yaktaur (D)
  6 hellions (D)
9 creatures vanquished.

Grand Total: 26 creatures vanquished

Notes
Turn   | Place    | Note
-------+----------+-------------------------------------------
     0 | D        | sexinstructor the Formicid Fighter began the quest for the Orb.
     0 | D        | Reached XP level 1. HP: 18/18 MP: 1/1
    12 | D        | Reached skill level 4 in Shields
    37 | D        | Reached XP level 2. HP: 24/25 MP: 2/2
    61 | D        | Noticed Jessica
    66 | D        | Killed Jessica
    66 | D        | Reached skill level 5 in Fighting
    66 | D        | Reached skill level 6 in Shields
    66 | D        | Reached XP level 3. HP: 33/33 MP: 3/3
   105 | D        | Killed a hellion
   105 | D        | Killed a hellion
   105 | D        | Killed a hellion
   105 | D        | Killed a hellion
   109 | D        | Reached XP level 4. HP: 31/40 MP: 4/4
   132 | D        | Killed a hellion
   133 | D        | Killed a hellion
   165 | D        | Killed a white draconian scorcher
   166 | D        | Killed a white draconian scorcher
   177 | D        | Killed a yaktaur
   180 | D        | Reached skill level 7 in Shields
   180 | D        | Reached XP level 5. HP: 40/47 MP: 5/5
   225 | D        | Noticed a water elemental
   229 | D        | Killed a water elemental
   229 | D        | Reached skill level 5 in Axes
   229 | D        | Reached skill level 8 in Shields
   233 | D        | Found a glowing silver altar of Zin.
   234 | D        | Found a glowing golden altar of the Shining One.
   234 | D        | Found a white marble altar of Elyvilon.
   234 | D        | Noticed a deep elf mage
   239 | D        | HP: 2/48 [earth elemental[a deep elf mage] (24)]
   242 | D        | Killed a deep elf mage
   242 | D        | Reached skill level 1 in Dodging
   242 | D        | Reached skill level 11 in Shields
   242 | D        | Reached XP level 6. HP: 7/58 MP: 6/6
   242 | D        | Reached XP level 7. HP: 8/64 MP: 7/7
   529 | D        | Found a radiant altar of Vehumet.
   529 | D        | Found a deep blue altar of Sif Muna.
   529 | D        | Found an ancient bone altar of Kikubaaqudgha.
   531 | D        | Noticed an orange demon
   548 | D        | HP: 3/64 [orange demon[a kobold demonologist] (4)]
   558 | D        | Noticed a rust devil
   558 | D        | HP: 3/64 [rust devil[a kobold demonologist] (5)]
   882 | D        | Found a hide-covered altar of Uskayaw.
   882 | D        | Found a roughly hewn altar of Beogh.
   882 | D        | Found an iron altar of Okawaru.
   882 | D        | Found a bloodstained altar of Trog.
   882 | D        | Found an ornate altar of the Wu Jian Council.
   882 | D        | Noticed a human
   883 | D        | Noticed a human
   891 | D        | Killed a human
   891 | D        | Reached skill level 10 in Axes
   891 | D        | Reached XP level 8. HP: 54/71 MP: 8/8
   897 | D        | Killed a human
  1018 | D        | Found a basalt altar of Yredelemnul.
  1018 | D        | Found a shadowy altar of Dithmenos.
  1018 | D        | Found a sacrificial altar of Ru.
  1273 | D        | Noticed a shadow
  1286 | D        | Killed a shadow
  1286 | D        | Reached skill level 10 in Fighting
  1286 | D        | Reached skill level 12 in Shields
  1352 | D        | Found a blossoming altar of Fedhas.
  1352 | D        | Found a stormy altar of Qazlal.
  1352 | D        | Found a snail-covered altar of Cheibriados.
  1352 | D        | Found a burning altar of Makhleb.
  1352 | D        | Found a shimmering altar of Xom.
  1372 | D        | Reached skill level 1 in Stealth
  1544 | D        | Found a hazy altar of Hepliaklqana.
  1544 | D        | Found an opulent altar of Gozag.
  1544 | D        | Found a sparkling altar of Nemelex Xobeh.
  1544 | D        | Found a corrupted altar of Lugonu.
  1544 | D        | Found a viscous altar of Jiyva.
  1547 | D        | Became a worshipper of Qazlal Stormbringer
  1558 | D        | Noticed Snorg
  1566 | D        | Slain by Snorg

Vault maps used:
D:        dungeon_sprint_mu

Skill      XL: |  1  2  3  4  5  6  7  8 |
---------------+-------------------------+-----
Shields        | 4 6 7 11 12 | 12.3
Fighting       | 4 5 6 9 10 | 10.2
Axes           | 3 4 9 10 11 | 11.8
Dodging        | 1 2 3 |  3.3
Stealth        | 1 |  1.1
Armour         | |  3.8

Action                   |  1- 3 |  4- 6 |  7- 9 || total
-------------------------+-------+-------+-------++-------
Melee: War axe           |    32 |    16 |    79 ||   127
  Use: Potion            |     1 |     2 |     1 ||     4
  Eat: Ration            |       |       |     1 ||     1
Armor: Scale mail        |     4 |     2 |    18 ||    24
Dodge: Dodged            |     5 |     5 |    34 ||    44
Block: Shield            |    19 |     7 |    42 ||    68

Table legend:
 A = Spawn XP
 B = Non-spawn XP
 C = Spawn XP percentage of total XP
 D = Spawn monster count
 E = Non-spawn monster count
 F = Spawn count percentage of total count
 G = Total turns spent on level
                    A         B        C        D         E        F      G
               +---------+---------+-------+---------+---------+-------+---------
         Total |       0 |    1822 |   0.0 |       0 |      17 |   0.0 |  1566
               +---------+---------+-------+---------+---------+-------+---------
             D |       0 |    1822 |   0.0 |       0 |      17 |   0.0 |  1566
               +---------+---------+-------+---------+---------+-------+---------
